 Dungeon Crawl Stone Soup version 0.30-a0-159-g068b764562 (webtiles) character file.

Game seed: 8038175442977838332

1189 qw the Cleaver (level 8, -6/50 HPs)
             Began as a Gargoyle Fighter on Sept 27, 2022.
             Killed from afar by an acid dragon (26 damage)
             ... with a splash of acid
             ... on level 5 of the Dungeon.
             The game lasted 00:02:14 (4913 turns).

qw the Cleaver (Gargoyle Fighter)                   Turns: 4913, Time: 00:02:15

Health: -6/50      AC: 14    Str: 27    XL:     8   Next: 43%
Magic:  8/8        EV:  8    Int: 10    God:
Gold:   311        SH:  4    Dex:  9    Spells: 7/7 levels left

rFire   . . .      SeeInvis .    Y - +2 war axe
rCold   + . .      Faith    .    c - +0 buckler
rNeg    + . .      Spirit   .    k - +3 chain mail {rC+}
rPois   inf        Reflect  .    e - +0 helmet
rElec   +          Harm     .    (no cloak)
rCorr   .          Rampage  .    (no gloves)
Will    .....                    (no boots)
Stlth   ..........               (no amulet)
HPRegen 0.16/turn                b - ring of Pevapica {Str+6 Slay+3}
MPRegen 0.11/turn                (no ring)

@: corroded
A: sickness immunity, AC +5, negative energy resistance 1, electricity
resistance, torment resistance 1, petrification resistance
a: no special abilities


You were on level 5 of the Dungeon.
You visited 1 branch of the dungeon, and saw 5 of its levels.
You also visited: Ossuary.

You collected 311 gold pieces.


Innate Abilities, Weirdness & Mutations

You are immune to sickness and miasma.
Your stone body is resilient. (AC +5)
You are immune to poison.
You resist negative energy. (rN+)
You are resistant to electric shocks. (rElec)
You are resistant to unholy torment.
You are immune to petrification.


   Skills:
 + Level 5.6 Fighting
 - Level 8.0 Axes
 - Level 3.2 Armour
 - Level 1.7 Dodging
 - Level 3.2 Shields


You had 7 spell levels left.
You didn't know any spells.
Your spell library was empty.

Inventory:

Hand Weapons
 g - a +0 flail
 Y - a +2 war axe (weapon)
Armour
 c - a +0 buckler (worn)
 e - a +0 helmet (worn)
 k - a +3 chain mail of cold resistance (worn)
Jewellery
 b - the ring of Pevapica (left hand) {Str+6 Slay+3}
   (You acquired it on level 3 of the Dungeon)

   [ring of strength]

   Str:       It affects your strength (+6).
   Slay:      It affects your accuracy & damage with ranged weapons and melee
   (+3).
Scrolls
 j - 2 scrolls of identify
Potions
 a - a potion of heal wounds
 d - 4 potions of might
 f - 2 potions of mutation
 i - a potion of attraction
 m - 2 potions of curing
 n - a potion of lignification
 o - 2 potions of resistance

Dungeon Overview and Level Annotations

Branches:
Dungeon (5/15)            Ossuary (visited)
 Temple: D:4-7

Altars:
Makhleb
Wu Jian
Yredelemnul

Shops:
D:4 (

Annotations:
D:5 Prince Ribbit


Message History

The gnoll sergeant hits you from afar with a +0 trident.
The gnoll barely misses you.
The scorpion stings you but does no damage.
4910 ||| DRINKING 3 potions of heal wounds.
You feel much better.
Prince Ribbit blinks!
The jackal bites you but does no damage.
The gnoll hits you from afar with a +0 spear.
You block the scorpion's attack. The acid dragon bites you.
You block the acid dragon's attack. You block the gnoll sergeant's attack.
You block the gnoll's attack.
Prince Ribbit lets out a mournful croak.
The jackal barely misses you.
You barely miss the acid dragon.
The acid dragon is heavily wounded.
You hit the jackal. You slash the scorpion!
The gnoll is no longer moving quickly.
The scorpion stings you but does no damage.
The gnoll hits you but does no damage. You block the jackal's attack.
The acid dragon spits acid at you. The splash of acid hits you!!
The acid corrodes you!
The gnoll sergeant hits you but does no damage.
The gnoll barely misses you.
You slice the jackal!!
You kill the jackal!
You slash the acid dragon! You barely miss the scorpion.
The gnoll sergeant is no longer moving quickly.
The scorpion barely misses you. The gnoll closely misses you.
The gnoll sergeant hits you but does no damage.
The acid dragon bites you.
The acid dragon claws you but does no damage.
The gnoll hits you but does no damage. Prince Ribbit hits you.
The scorpion stings you.
4913 ||| DRINKING 2 potions of heal wounds.
You feel much better.
The gnoll hits you from afar with a +0 spear.
The acid dragon spits acid at you. The splash of acid hits you!!
Ouch! That really hurt!
You die...

#.######## .# #.#
#.##
#.############...
#............#.######
############.........
##....####
#.>........
#FDg..####. #@)#.##
#)s#.# g.gJ..
........ #.#..#.....
.....#####. .#.#..#
#.. #...


You could see Prince Ribbit, an acid dragon (catching breath), a gnoll sergeant,
a scorpion, a jelly and 2 gnolls.

Vanquished Creatures
  Grinder (D:3)
  A wraith (Ossuary)
  An ice beast (D:5)
  2 phantoms (D:4)
  A necrophage (D:4)
  A scorpion (D:4)
  A jelly (D:3)
  A gnoll bouda (D:5)
  3 hounds
  Terence (D:2)
  A mummy (Ossuary)
  Robin (D:3)
  10 gnolls
  8 adders
  A white imp (D:5)
  An ufetubus (D:5)
  3 worms
  4 dart slugs
  3 endoplasms
  2 giant cockroaches
  14 goblins
  8 hobgoblins
  5 jackals
  5 kobolds
  4 quokkas
  6 ball pythons
  4 bats
  2 frilled lizards (D:1)
  7 gnoll skeletons (Ossuary)
  5 kobold skeletons (Ossuary)
  13 orc skeletons (Ossuary)
  9 rats
  A rat zombie (D:4)
130 creatures vanquished.

Vanquished Creatures (others)
  19 plants (D:1)
19 creatures vanquished.

Grand Total: 149 creatures vanquished

Notes
Turn   | Place    | Note
-------+----------+-------------------------------------------
     0 | D:1      | qw the Gargoyle Fighter began the quest for the Orb.
     0 | D:1      | Reached XP level 1. HP: 14/14 MP: 1/1
     0 | D:1      | 0 ||| qw: Version: 0.2-a-10-g37ed214
     0 | D:1      | 0 ||| qw: Game counter: 558
     0 | D:1      | 0 ||| qw: Always use a shield: true
     0 | D:1      | 0 ||| qw: God list: Okawaru
     0 | D:1      | 0 ||| qw: Allow faded altars: false
     0 | D:1      | 0 ||| qw: Do Orc after D:15 true
     0 | D:1      | 0 ||| qw: Do second Lair branch before Depths: true
     0 | D:1      | 0 ||| qw: Lair rune preference: random
     0 | D:1      | 0 ||| qw: Plans: Normal, Zot:1-4, God:TSO, Crypt, Tomb,
                  | Pan, Slime:5, Hells, Abyss, Orb
     0 | D:1      | 0 ||| PLANNING D:1-11
    44 | D:1      | Reached skill level 2 in Axes
   223 | D:1      | 223 ||| Stepping ~*~*~tactically~*~*~ (hiding).
   236 | D:1      | Reached XP level 2. HP: 11/19 MP: 2/2
   366 | D:1      | 366 ||| Stepping ~*~*~tactically~*~*~ (stealth).
   367 | D:1      | 367 ||| Stepping ~*~*~tactically~*~*~ (stealth).
   371 | D:1      | 371 ||| Stepping ~*~*~tactically~*~*~ (hiding).
   372 | D:1      | 372 ||| Stepping ~*~*~tactically~*~*~ (hiding).
   421 | D:1      | 421 ||| Stepping ~*~*~tactically~*~*~ (stealth).
   422 | D:1      | 422 ||| Stepping ~*~*~tactically~*~*~ (stealth).
   424 | D:1      | 424 ||| Stepping ~*~*~tactically~*~*~ (stealth).
   685 | D:1      | 685 ||| Stepping ~*~*~tactically~*~*~ (hiding).
   996 | D:1      | Reached skill level 3 in Axes
  1082 | D:1      | Reached XP level 3. HP: 23/23 MP: 3/3
  1363 | D:1      | 1363 ||| READING scroll labelled USHROE FYBRIKKU.
  1364 | D:1      | 1364 ||| READING scroll labelled LYGEHE LODUH.
  1365 | D:1      | 1365 ||| READING scroll labelled QOLIHEASSY.
  1399 | D:2      | 1399 ||| STAIRDANCE
  1415 | D:2      | 1415 ||| STAIRDANCE
  1496 | D:2      | Noticed Terence
  1508 | D:2      | Killed Terence
  1509 | D:2      | Reached XP level 4. HP: 11/28 MP: 4/4
  1593 | D:2      | 1593 ||| Stepping ~*~*~tactically~*~*~ (stealth).
  1726 | D:2      | Found a faded altar of an unknown god.
  1759 | D:2      | Reached skill level 4 in Axes
  1822 | D:2      | 1822 ||| Stepping ~*~*~tactically~*~*~ (stealth).
  1957 | D:2      | 1957 ||| Stepping ~*~*~tactically~*~*~ (stealth).
  2060 | D:2      | 2060 ||| Stepping ~*~*~tactically~*~*~ (hiding).
  2061 | D:2      | 2061 ||| Stepping ~*~*~tactically~*~*~ (hiding).
  2225 | D:2      | 2225 ||| Stepping ~*~*~tactically~*~*~ (stealth).
  2339 | D:2      | 2339 ||| UPGRADING to +3 chain mail of cold resistance.
  2349 | D:2      | 2349 ||| DROPPING +0 scale mail.
  2350 | D:2      | 2350 ||| DROPPING ring of flight.
  2351 | D:2      | 2351 ||| READING scroll labelled VAXILI DOTH.
  2403 | D:2      | 2403 ||| READING scroll labelled TIEREIGGINK.
  2404 | D:2      | 2404 ||| READING scroll labelled CEUZER RAMI.
  2405 | D:2      | 2405 ||| READING 5 scrolls of identify.
  2405 | D:2      | 2405 ||| IDENTIFYING bubbling red potion
  2406 | D:2      | 2406 ||| READING 4 scrolls of identify.
  2406 | D:2      | 2406 ||| IDENTIFYING fizzy silvery potion
  2407 | D:2      | 2407 ||| READING 3 scrolls of identify.
  2407 | D:2      | 2407 ||| IDENTIFYING glowing sapphire potion
  2408 | D:2      | 2408 ||| READING 2 scrolls of identify.
  2408 | D:2      | 2408 ||| IDENTIFYING clear potion
  2409 | D:2      | 2409 ||| DROPPING potion of degeneration.
  2410 | D:2      | 2410 ||| DROPPING potion of magic.
  2437 | D:3      | Noticed Grinder
  2438 | D:3      | 2438 ||| Stepping ~*~*~tactically~*~*~ (hiding).
  2439 | D:3      | 2439 ||| Stepping ~*~*~tactically~*~*~ (hiding).
  2447 | D:3      | 2447 ||| FLEEEEING.
  2457 | D:3      | 2457 ||| STAIRDANCE
  2536 | D:3      | Killed Grinder
  2537 | D:3      | Reached skill level 5 in Axes
  2537 | D:3      | Reached XP level 5. HP: 32/32 MP: 5/5
  2537 | D:3      | Reached XP level 6. HP: 37/37 MP: 6/6
  2548 | D:3      | 2548 ||| FLEEEEING.
  2549 | D:3      | 2549 ||| Stepping ~*~*~tactically~*~*~ (hiding).
  2579 | D:3      | 2579 ||| Stepping ~*~*~tactically~*~*~ (stealth).
  2580 | D:3      | 2580 ||| Stepping ~*~*~tactically~*~*~ (stealth).
  2580 | D:3      | Noticed Robin
  2581 | D:3      | 2581 ||| Stepping ~*~*~tactically~*~*~ (stealth).
  2582 | D:3      | 2582 ||| Stepping ~*~*~tactically~*~*~ (stealth).
  2583 | D:3      | 2583 ||| Stepping ~*~*~tactically~*~*~ (stealth).
  2585 | D:3      | 2585 ||| Stepping ~*~*~tactically~*~*~ (stealth).
  2609 | D:3      | Killed Robin
  2654 | D:3      | 2654 ||| FLEEEEING.
  2662 | D:3      | 2662 ||| STAIRDANCE
  2839 | D:3      | Reached skill level 6 in Axes
  2842 | D:3      | 2842 ||| Stepping ~*~*~tactically~*~*~ (stealth).
  2845 | D:3      | 2845 ||| DROPPING +0 club.
  2849 | D:3      | 2849 ||| Stepping ~*~*~tactically~*~*~ (hiding).
  3136 | D:3      | Found an ornate altar of the Wu Jian Council.
  3216 | D:3      | Found a burning altar of Makhleb.
  3480 | D:3      | 3480 ||| UPGRADING to +0 helmet.
  3485 | D:3      | 3485 ||| READING scroll labelled FICSOCRASOGG.
  3486 | D:3      | 3486 ||| READING scroll labelled SATOEZ TEGEKH.
  3487 | D:3      | 3487 ||| READING scroll labelled DANEIXKAXTY.
  3488 | D:3      | 3488 ||| READING scroll labelled OSEP AMUYBLAFE.
  3488 | D:3      | Identified a scroll of acquirement
  3488 | D:3      | 3488 ||| ACQUIRING ring of Pevapica {Str+6 Slay+3}
  3488 | D:3      | Acquired the ring of Pevapica {Str+6 Slay+3}
  3490 | D:3      | 3490 ||| UPGRADING to ring of Pevapica {Str+6 Slay+3}.
  3491 | D:3      | 3491 ||| READING 2 scrolls of identify.
  3491 | D:3      | 3491 ||| IDENTIFYING puce potion
  3492 | D:3      | 3492 ||| DROPPING potion of flight.
  3496 | D:4      | 3496 ||| PLANNING OSSUARY
  3500 | D:4      | Reached skill level 1 in Dodging
  3500 | D:4      | Reached XP level 7. HP: 43/43 MP: 7/7
  3507 | D:4      | 3507 ||| Stepping ~*~*~tactically~*~*~ (hiding).
  3508 | D:4      | 3508 ||| Stepping ~*~*~tactically~*~*~ (hiding).
  3555 | D:4      | 3555 ||| DROPPING +0 mace.
  3700 | D:4      | 3700 ||| Stepping ~*~*~tactically~*~*~ (stealth).
  3710 | D:4      | Found a basalt altar of Yredelemnul.
  3720 | D:4      | Found a sand-covered staircase.
  3722 | D:4      | 3722 ||| FLEEEEING.
  3723 | D:4      | 3723 ||| FLEEEEING.
  3724 | D:4      | 3724 ||| FLEEEEING.
  3739 | D:4      | 3739 ||| FLEEEEING.
  3740 | D:4      | 3740 ||| FLEEEEING.
  3741 | D:4      | 3741 ||| FLEEEEING.
  3742 | D:4      | 3742 ||| FLEEEEING.
  3743 | D:4      | 3743 ||| FLEEEEING.
  3745 | D:4      | 3745 ||| FLEEEEING.
  3746 | D:4      | 3746 ||| FLEEEEING.
  3747 | D:4      | 3747 ||| FLEEEEING.
  3748 | D:4      | 3748 ||| FLEEEEING.
  3749 | D:4      | 3749 ||| FLEEEEING.
  3752 | D:4      | 3752 ||| STAIRDANCE
  3756 | D:4      | 3756 ||| STAIRDANCE
  3760 | D:4      | 3760 ||| STAIRDANCE
  3764 | D:4      | 3764 ||| STAIRDANCE
  3768 | D:4      | 3768 ||| STAIRDANCE
  3773 | D:4      | 3773 ||| STAIRDANCE
  3777 | D:4      | 3777 ||| STAIRDANCE
  3781 | D:4      | 3781 ||| STAIRDANCE
  3785 | D:4      | 3785 ||| STAIRDANCE
  3789 | D:4      | 3789 ||| STAIRDANCE
  3797 | D:4      | 3797 ||| STAIRDANCE
  3801 | D:4      | 3801 ||| STAIRDANCE
  3805 | D:4      | 3805 ||| STAIRDANCE
  3809 | D:4      | 3809 ||| STAIRDANCE
  3813 | D:4      | 3813 ||| STAIRDANCE
  3817 | D:4      | 3817 ||| STAIRDANCE
  3821 | D:4      | 3821 ||| STAIRDANCE
  3825 | D:4      | 3825 ||| STAIRDANCE
  3829 | D:4      | 3829 ||| STAIRDANCE
  3833 | D:4      | 3833 ||| STAIRDANCE
  3866 | Ossuary  | Entered an ossuary
  3866 | Ossuary  | Noticed a wraith
  3866 | Ossuary  | Noticed a wraith
  3866 | Ossuary  | Noticed a wraith
  3993 | Ossuary  | 3993 ||| READING scroll of enchant weapon.
  3993 | Ossuary  | 3993 ||| ENCHANTING +1 war axe.
  4009 | Ossuary  | Noticed a wraith
  4017 | Ossuary  | Killed a wraith
  4018 | Ossuary  | Reached skill level 7 in Axes
  4161 | Ossuary  | 4161 ||| DRINKING 4 glowing cyan potions.
  4162 | Ossuary  | 4162 ||| DRINKING 2 murky purple potions.
  4163 | Ossuary  | 4163 ||| DRINKING 2 metallic brown potions.
  4164 | Ossuary  | 4164 ||| DRINKING 2 blue potions.
  4165 | Ossuary  | 4165 ||| READING 3 scrolls of identify.
  4165 | Ossuary  | 4165 ||| IDENTIFYING glowing purple potion
  4166 | Ossuary  | 4166 ||| READING 2 scrolls of identify.
  4166 | Ossuary  | 4166 ||| IDENTIFYING metallic cyan potion
  4167 | Ossuary  | 4167 ||| DROPPING potion of brilliance.
  4168 | Ossuary  | 4168 ||| DROPPING potion of berserk rage.
  4169 | Ossuary  | 4169 ||| DROPPING potion of invisibility.
  4177 | D:4      | 4177 ||| PLANNING D:1-11
  4308 | D:4      | 4308 ||| Stepping ~*~*~tactically~*~*~ (stealth).
  4438 | D:4      | Found Ipamotam's Weapon Shop.
  4549 | D:4      | Reached XP level 8. HP: 50/50 MP: 8/8
  4673 | D:4      | 4673 ||| Stepping ~*~*~tactically~*~*~ (hiding).
  4737 | D:4      | 4737 ||| Stepping ~*~*~tactically~*~*~ (stealth).
  4829 | D:4      | 4829 ||| READING scroll labelled AVAHYPHURCH.
  4830 | D:4      | 4830 ||| READING scroll labelled UNUCRY LOAN.
  4831 | D:4      | 4831 ||| DRINKING 3 pink potions.
  4857 | D:5      | Entered Level 5 of the Dungeon
  4858 | D:5      | 4858 ||| PLANNING SEWER
  4901 | D:5      | Noticed Prince Ribbit
  4907 | D:5      | Reached skill level 8 in Axes
  4909 | D:5      | HP: 11/50 [gnoll sergeant/+0 trident (2)]
  4910 | D:5      | 4910 ||| DRINKING 3 potions of heal wounds.
  4912 | D:5      | HP: 4/50 [scorpion (2)]
  4913 | D:5      | 4913 ||| DRINKING 2 potions of heal wounds.
  4913 | D:5      | Killed from afar by an acid dragon

Levels and vault maps discovered:
D:1:      dpeg_arrival_shelter, layout_loops_corners, minmay_misc_feat_five,
          glass_columns_a, dreamdust_princess_bridge, kennysheep_boxes
D:2:      layout_basic, ebering_ecumenical_altar_rust, uniq_terence
D:3:      layout_loops_ring, old_standard_altar, mainiacjoe_overflow_boulevard,
          ebering_dispersal_statue_hall, minmay_box_of_dots, uniq_grinder,
          uniq_robin
D:4:      layout_loops_ring, lemuel_crystal_altar, serial_shops,
          kennysheep_little_box, enter_ossuary_3, grunt_decor_mini_mirrors,
          cheibrodos_gnoll_hut
D:5:      layout_loops_ring, cheibrodos_sewer_entry_bend, uniq_prince_ribbit1

Skill      XL: |  1  2  3  4  5  6  7  8 |
---------------+-------------------------+-----
Axes           | 2 3 5 6 7 8 |  8.0
Fighting       | 4 5 |  5.6
Dodging        | 1 |  1.7
Armour         | |  3.2
Shields        | |  3.2

Action                   |  1- 3 |  4- 6 |  7- 9 || total
-------------------------+-------+-------+-------++-------
Melee: War axe           |   113 |   124 |   113 ||   350
  Use: Scroll            |     3 |    12 |     5 ||    20
       Potion            |       |       |     7 ||     7
Armor: Scale mail        |    67 |    19 |       ||    86
       Chain mail        |       |    67 |   136 ||   203
Dodge: Dodged            |    61 |    50 |    83 ||   194
Block: Buckler           |    25 |    26 |    45 ||    96

Table legend:
 A = Non-vault XP
 B = Vault XP
 C = Vault XP percentage of total XP
 D = Non-vault monster count
 E = Vault monster count
 F = Vault count percentage of total count
                 A         B        C        D         E       F
            +---------+---------+-------+---------+---------+-------
      Total |     944 |     755 |  44.4 |      84 |      46 |  35.4
            +---------+---------+-------+---------+---------+-------
        D:1 |      47 |       0 |   0.0 |      26 |       0 |   0.0
        D:2 |      47 |      40 |  46.0 |      16 |       1 |   5.9
        D:3 |      34 |     380 |  91.8 |       7 |      14 |  66.7
        D:4 |     487 |     101 |  17.2 |      20 |       4 |  16.7
        D:5 |     329 |       0 |   0.0 |      15 |       0 |   0.0
    Ossuary |       0 |     234 | 100.0 |       0 |      27 | 100.0
            +---------+---------+-------+---------+---------+-------
